 Dungeon Sprint DCSS version 0.17-a0-1197-g2d00c63 (webtiles) character file.

1701 Kidiri the Covert (level 8, 0/46 HPs)
             Began as a Spriggan Assassin on June 2, 2015.
             Was a Follower of Dithmenos.
             Killed by an exploding giant spore (26 damage)
             ... in the Dungeon (Sprint I: "Red Sonja").
             The game lasted 00:04:19 (597 turns).

Kidiri the Covert (Spriggan Assassin)                Turns: 597, Time: 00:04:19

Health: 0/46       AC:  5    Str:  7    XL:     8   Next: 73%
Magic:  11/11      EV: 30    Int: 12    God:    Dithmenos [*.....]
Gold:   387        SH:  0    Dex: 20    Spells: 0 memorised, 7 levels left

rFire  + . .     SeeInvis +     a - +2 dagger
rCold  . . .     Clarity  .     s - +2 robe {rF+}
rNeg   . . .     SustAt   .     (shield restricted)
rPois  .         Gourm    .     (helmet restricted)
rElec  .         Spirit   .     d - +0 cloak
rCorr  .         Warding  .     (gloves unavailable)
rMut   .         NoTele   +     (boots unavailable)
MR     +....                    t - amulet of regeneration
Stlth  +++.......               (no ring)
                                (no ring)

@: confused, wreathed by umbra, very quick, somewhat resistant to hostile
enchantments, fairly stealthy
A: unfitting armour, see invisible, herbivore 3, speed 3, slow metabolism 2
a: Renounce Religion


You were in the Dungeon.
You worshipped Dithmenos.
Dithmenos was aware of your devotion.
You were not hungry.

You visited 1 branch You collected 634 gold pieces.
You spent 247 gold pieces at shops.

Inventory:

Hand weapons
 a - a +2 dagger (weapon)
 b - a +0 blowgun
 o - a +0 short sword of venom
Missiles
 e - 6 poisoned needles
 f - 6 curare-tipped needles
Armour
 d - a +0 cloak (worn)
 p - a troll hide
 s - a +2 robe of fire resistance (worn)
Jewellery
 t - an amulet of regeneration (around neck)
Magical devices
 q - a wand of paralysis (8)
Scrolls
 c - a scroll of magic mapping {unknown}
 m - a scroll of blinking
Potions
 h - 3 potions of curing
 i - a potion of heal wounds
 j - a potion of haste
 k - 2 potions of magic
 l - a potion of berserk rage
 n - a potion of degeneration {unknown}
Comestibles
 g - a bread ration
 r - 4 fruits


   Skills:
 * Level 7.4 Fighting
 * Level 9.4 Short Blades
 * Level 9.8 Throwing
 * Level 12.1 Dodging
 * Level 13.9 Stealth
 + Level 3.8 Invocations


You had 7 spell levels left.
You didn't know any spells.

Dungeon Overview and Level Annotations

Branches:
Dungeon (1/1)

Altars:
Cheibriados
Dithmenos
Elyvilon
Fedhas
Gozag
Kikubaaqudgha
Makhleb
Nemelex Xobeh
Okawaru
Qazlal
Ru
Sif Muna
Trog
Vehumet
Xom
Yredelemnul
Zin
The Shining One
Jiyva

Shops:
D *:[


Innate Abilities, Weirdness & Mutations

You are tiny and cannot use many weapons and most armour.
You have supernaturally acute eyesight.
You are a herbivore.
You cover ground extremely quickly.
You need consume almost no food.


Message History

Things that are here:
5 chunks of flesh; a deep troll skeleton
There is an open door here.
You see here a blowgun.
You open the door. 2 giant spores come into view.
Found four items.
Found 54 gold pieces.
There is an open door here.
The helpless giant spore fails to defend itself.
You spit the giant spore like a pig!!!!
The giant spore explodes!
A fungus suddenly grows.
The explosion of spores engulfs you!
You are confused.
The explosion of spores engulfs the giant spore.
The giant spore explodes!
The explosion of spores engulfs you!
You are more confused.
Ouch! That really hurt!
You die...

#..#_..__##'#..+
#⌠⌠#_.∩...'..._#
####_..._##_.#'##+###
#_____###'#.#)...###
############.####'###[##
#∩........'...'..%..'.∩#
###++++####.).##########
##.## #@# #$!$P$#
#$!($$# #######


There were no monsters in sight!

Vanquished Creatures
  Sonja (D)
  A deep troll (D)
  A slime creature (D)
  Sigmund (D)
  A yak (D)
  An ogre (D)
  A jelly (D)
  Ijyb (D)
8 creatures vanquished.

Notes
Turn   | Place    | Note
--------------------------------------------------------------
     0 | D        | Kidiri the Spriggan Assassin began the quest for the Orb.
     0 | D        | Reached XP level 1. HP: 10/10 MP: 2/2
     2 | D        | Noticed Ijyb
    24 | D        | Killed Ijyb
    24 | D        | Reached skill level 7 in Stealth
    24 | D        | Reached XP level 2. HP: 13/16 MP: 3/3
    84 | D        | Noticed an ogre
    98 | D        | Killed an ogre
    98 | D        | Reached skill level 5 in Throwing
    98 | D        | Reached skill level 8 in Stealth
    98 | D        | Reached XP level 3. HP: 19/21 MP: 4/4
    98 | D        | Reached XP level 4. HP: 22/25 MP: 5/5
   147 | D        | Noticed Sigmund
   178 | D        | Killed Sigmund
   178 | D        | Reached skill level 5 in Short Blades
   178 | D        | Reached skill level 10 in Stealth
   178 | D        | Reached XP level 5. HP: 11/30 MP: 6/6
   178 | D        | Reached XP level 6. HP: 12/35 MP: 7/7
   392 | D        | Found a deep blue altar of Sif Muna.
   393 | D        | Noticed a jelly
   394 | D        | Found a radiant altar of Vehumet.
   398 | D        | Killed a jelly
   398 | D        | Reached skill level 5 in Fighting
   416 | D        | Found a snail-covered altar of Cheibriados.
   416 | D        | Found a viscous altar of Jiyva.
   416 | D        | Found a shadowy altar of Dithmenos.
   416 | D        | Found a blossoming altar of Fedhas.
   416 | D        | Noticed a slime creature
   419 | D        | Killed a slime creature
   419 | D        | Reached skill level 11 in Stealth
   421 | D        | Became a worshipper of Dithmenos the Shadowed
   447 | D        | Found Yjok's Book Emporium.
   447 | D        | Found a white marble altar of Elyvilon.
   447 | D        | Found a stormy altar of Qazlal.
   447 | D        | Found a burning altar of Makhleb.
   447 | D        | Found a sacrificial altar of Ru.
   447 | D        | Found a basalt altar of Yredelemnul.
   447 | D        | Found a glowing golden altar of the Shining One.
   447 | D        | Found a sparkling altar of Nemelex Xobeh.
   447 | D        | Found a shimmering altar of Xom.
   447 | D        | Found an opulent altar of Gozag.
   447 | D        | Found an ancient bone altar of Kikubaaqudgha.
   447 | D        | Found a glowing silver altar of Zin.
   447 | D        | Noticed a yak
   449 | D        | Found an iron altar of Okawaru.
   454 | D        | Killed a yak
   454 | D        | Reached skill level 1 in Invocations
   454 | D        | Reached XP level 7. HP: 40/40 MP: 8/8
   473 | D        | Found a bloodstained altar of Trog.
   486 | D        | Noticed Sonja
   490 | D        | Killed Sonja
   490 | D        | Reached skill level 13 in Stealth
   490 | D        | Reached XP level 8. HP: 43/45 MP: 8/11
   509 | D        | Found Zuethurgh's Assorted Antiques.
   529 | D        | Noticed a deep troll
   533 | D        | Killed a deep troll
   545 | D        | Found Pibaif Tufym's Armour Emporium.
   555 | D        | Bought a +2 robe of fire resistance for 247 gold pieces
   597 | D        | Killed by an exploding giant spore

Vault maps used:
D:        dungeon_sprint_1

Action                   |  1- 3 |  4- 6 |  7- 9 || total
-------------------------+-------+-------+-------++-------
Melee: Dagger            |       |     8 |     3 ||    11
 Fire: Blowgun           |    13 |     9 |       ||    22
 Stab: Sleeping          |     1 |     3 |     3 ||     7
